 Dungeon Crawl Stone Soup version 0.31.0-12-g77e489cdc1 (webtiles) character file.

Game seed: 1077794785198762577

2191 Baz the Carver (level 9, -4/71 HPs)
             Began as a Minotaur Fighter on Feb 27, 2024.
             Was a Follower of Hepliaklqana.
             Slain by an orc priest
             ... wielding a +0 flail
              (7 damage)
             ... on level 7 of the Dungeon.
             The game lasted 00:07:58 (6282 turns).

Baz the Carver (Minotaur Fighter)                   Turns: 6282, Time: 00:08:00

Health: -4/71      AC: 10    Str: 21 (22) XL:     9   Next: 12%
Magic:  8/8        EV:  9    Int:  6 (7)  God:    Hepliaklqana [*.....]
Gold:   509        SH:  5    Dex:  8 (9)  Spells: 8/8 levels left

rFire   . . .        a - +0 long sword
rCold   + . .        c - +0 buckler
rNeg    . . .        b - +0 scale mail
rPois   +            (helmet restricted)
rElec   .            r - +0 cloak
rCorr   .            w - +0 pair of gloves
SInv    .            (no boots)
Will    .....        (no amulet) Stlth
                     y - ring of Vaducvitou {rPois rC+ Str-4 Int+2 Slay+5}
HPRegen 0.31/turn    (no ring)
MPRegen 0.11/turn

%: no passive effects
@: no status effects
A: reduced essence, horns 2, retaliatory headbutt
a: Renounce Religion, Recall Ancestor, Ancestor Identity


You were on level 7 of the Dungeon.
You worshipped Hepliaklqana.
Hepliaklqana was aware of your devotion.
You visited 1 branch of the dungeon, and saw 7 of its levels.

You collected 509 gold pieces.

Inventory:

Hand Weapons
 a - a +0 long sword (weapon)
Missiles
 u - a throwing net (quivered)
Armour
 b - a +0 scale mail (worn)
 c - a +0 buckler (worn)
 r - a +0 cloak (worn)
 v - a +0 plate armour
 w - a +0 pair of gloves (worn)
Jewellery
 y - the ring of Vaducvitou (left hand) {rPois rC+ Str-4 Int+2 Slay+5}
   (You found it on level 4 of the Dungeon)

   [ring of protection from cold]

   Str-4:     It affects your strength (-4).
   Int+2:     It affects your intelligence (+2).
   Slay+5:    It affects your accuracy & damage with ranged weapons and melee
   (+5).
   rC+:       It protects you from cold.
   rPois:     It protects you from poison
Wands
 x - a wand of flame (42)
 B - a wand of polymorph (4)
 E - a wand of light (9)
 F - a wand of mindburst (14)
Scrolls
 e - 9 scrolls of identify {unknown}
 g - 2 scrolls of enchant weapon {unknown}
 h - 2 scrolls of immolation {unknown}
 k - 3 scrolls of amnesia {unknown}
 n - 2 scrolls of blinking {unknown}
 o - a scroll of revelation {unknown}
 p - a scroll of poison {unknown}
 q - 2 scrolls of teleportation {unknown}
 s - a scroll of vulnerability {unknown}
 C - 2 scrolls of brand weapon {unknown}
 G - a scroll of enchant armour {unknown}
Potions
 d - 2 potions of might
 f - 3 potions of attraction {unknown}
 i - 2 potions of brilliance {unknown}
 j - 3 potions of degeneration
 l - 2 potions of lignification {unknown}
 m - 4 potions of curing {unknown}
 t - a potion of haste {unknown}
 z - 2 potions of mutation {unknown}
 A - a potion of heal wounds {unknown}
 D - a potion of invisibility {unknown}


   Skills:
 + Level 7.4 Fighting
 * Level 9.5 Long Blades
 + Level 7.4 Armour
 + Level 7.4 Shields


You had 8 spell levels left.
You didn't know any spells.
Your spell library contained the following spells:

 Spells                   Type           Power      Damage    Failure   Level
 Sting                    Conj/Alch      0%         1d3       82%         1
 Lesser Beckoning         Tloc           0%         N/A       91%         2
 Mercury Vapours          Alch/Air       0%         N/A       91%         2
 Call Canine Familiar     Summ           0%         N/A       99%         3
 Gell's Gravitas          Tloc           0%         N/A       99%         3
 Hailstorm                Conj/Ice       0%         3d5       99%         3
 Sigil of Binding         Hex            0%         N/A       99%         3
 Summon Ice Beast         Ice/Summ       0%         N/A       99%         3
 Teleport Other           Tloc           0%         N/A       99%         3
 Dimensional Bullseye     Hex/Tloc       0%         N/A       100%        4
 Olgreb's Toxic Radiance  Alch           0%         N/A       100%        4
 Sculpt Simulacrum        Ice/Alch       0%         N/A       100%        6


Dungeon Overview and Level Annotations

Branches:
Dungeon (7/15)             Temple (0/1) D:7

Altars:
Cheibriados
Hepliaklqana
Kikubaaqudgha
Nemelex Xobeh
Qazlal
Vehumet

Shops:
D:4 :*   D:7 *

Annotations:
D:3 1 runed translucent door, mmk665's ghost, amateur GrFi


Innate Abilities, Weirdness & Mutations

Your life essence is reduced to manifest your ancestor. (-10% HP)
You have a pair of horns on your head.
You reflexively headbutt those who attack you in melee.


Message History

The orc priest mumbles some strange prayers to Beogh against you.
Pain shoots through your body!
You closely miss something. You headbutt something!
Something hits you but does no damage.
You hit something but do no damage.
You hear some strange, mumbled words.
You are confused.
The orc priest hits you with a +0 flail.
* * * LOW HITPOINT WARNING * * *
The orc priest barely misses you.
Unknown command.
The orc priest misses you.
You hit the orc priest.
The orc priest is moderately wounded.
You hear some strange, mumbled words.
A puff of flame appears from out of thin air!
The puff of flame hits you.
* * * LOW HITPOINT WARNING * * *
The orc priest closely misses you.
You closely miss the orc priest.
The orc priest is moderately wounded.
Something hits you but does no damage. The orc priest completely misses you.
Unknown command.
You barely miss the orc priest. Your headbutt misses the orc priest.
The orc priest is moderately wounded.
You feel less confused. Something hits you but does no damage.
The orc priest hits you with a +0 flail!
* * * LOW HITPOINT WARNING * * *
Unknown command.
You closely miss the orc priest.
The orc priest is moderately wounded.
Something hits you but does no damage. The orc priest barely misses you.
It was a potion of degeneration.
There was something very wrong with that liquid.
You feel weakened.
You feel dopey.
You feel clumsy. Something hits you.
* * * LOW HITPOINT WARNING * * *
The orc priest hits you with a +0 flail!
You die...

.........## #.# #..## #..#
..........## #.# ##..# ##.##
...........# #.# #..#####..####
...........# #.#####...##..#.....
..........># #..##........###.##.
...........# ##...........##.....
...........# #..................
......o...## ##............#..⌠..
$.........# ##.{@..........#.....
.........>###..o..............))>
..............))...........#..)..
.....o.....................#..)..
......<.......#).................
.........)...##............#.....
............###............##.##.
......>.....# #..................
).?.......... ##................#


You could see an orc priest.

Vanquished Creatures
  2 steam dragons
  A sky beast (D:5)
  3 ogres
  3 black bears
  A centaur (D:7)
  Blork the orc (D:5)
  A kobold brigand (D:6)
  3 bullfrogs
  A scorpion (D:6)
  4 wights (D:6)
  A hound (D:4)
  2 orc priests (D:7)
  2 bombardier beetles
  A jelly (D:7)
  An iguana (D:6)
  2 orc wizards
  Robin (D:1)
  3 gnolls (D:5)
  11 adders
  2 white imps
  An ufetubus (D:7)
  7 dart slugs
  18 orcs
  4 ball pythons
  11 endoplasms
  5 giant cockroaches
  19 goblins
  14 hobgoblins
  3 jackals (D:4)
  15 kobolds
  4 quokkas
  7 bats
  A frilled lizard (D:3)
  6 rats
161 creatures vanquished.

Vanquished Creatures (collateral kills)
  A wight (D:6)
  A jelly (D:6)
  A kobold (D:6)
3 creatures vanquished.

Vanquished Creatures (others)
  A human (D:3)
  2 ancestors (D:7)
  An ufetubus (D:7)
4 creatures vanquished.

Grand Total: 168 creatures vanquished

Notes
Turn   | Place    | Note
-------+----------+-------------------------------------------
     0 | D:1      | Baz the Minotaur Fighter began the quest for the Orb.
     0 | D:1      | Reached XP level 1. HP: 19/19 MP: 0/0
   103 | D:1      | Reached XP level 2. HP: 21/27 MP: 1/1
   160 | D:1      | Reached skill level 3 in Long Blades
   336 | D:1      | Reached XP level 3. HP: 33/33 MP: 2/2
   780 | D:2      | Noticed Robin
   809 | D:1      | Killed Robin
   930 | D:2      | Reached XP level 4. HP: 33/40 MP: 3/3
  1389 | D:2      | Reached skill level 4 in Long Blades
  1731 | D:3      | Found a sparkling altar of Nemelex Xobeh.
  1868 | D:3      | Found a runed translucent door.
  1869 | D:3      | Noticed mmk665's ghost (amateur GrFi)
  1927 | D:3      | Reached XP level 5. HP: 46/47 MP: 4/4
  2647 | D:3      | Found an ancient bone altar of Kikubaaqudgha.
  2648 | D:3      | Noticed a human
  2650 | D:3      | Killed a human
  2737 | D:4      | Found Enuepaam's Fire Supplies.
  2742 | D:4      | Identified the ring of Vaducvitou {rPois rC+ Str-4 Int+2
                  | Slay+5}
  2774 | D:4      | Found a stormy altar of Qazlal.
  2849 | D:4      | Identified the +6 flail "Qautux" {drain, Int+3}
  2915 | D:4      | Found Fuameg's Book Boutique.
  3092 | D:4      | Reached skill level 5 in Long Blades
  3414 | D:4      | Found a snail-covered altar of Cheibriados.
  3468 | D:4      | Noticed an ogre
  3475 | D:4      | Killed an ogre
  3476 | D:4      | Reached skill level 5 in Fighting
  3476 | D:4      | Reached skill level 5 in Armour
  3476 | D:4      | Reached skill level 5 in Shields
  3476 | D:4      | Reached XP level 6. HP: 23/56 MP: 5/5
  3752 | D:5      | Entered Level 5 of the Dungeon
  3860 | D:5      | Reached skill level 6 in Long Blades
  3870 | D:5      | Reached XP level 7. HP: 33/61 MP: 6/6
  3881 | D:5      | Noticed Blork the orc
  4092 | D:5      | Killed Blork the orc
  4141 | D:5      | Found a hazy altar of Hepliaklqana.
  4155 | D:5      | Became a worshipper of Hepliaklqana the Forgotten
  4649 | D:6      | Reached skill level 7 in Long Blades
  4686 | D:6      | Noticed a steam dragon
  4842 | D:6      | Reached * piety under Hepliaklqana
  5104 | D:6      | Found a radiant altar of Vehumet.
  5123 | D:6      | Reached XP level 8. HP: 57/63 MP: 7/7
  5212 | D:6      | Reached skill level 8 in Long Blades
  5851 | D:7      | Identified the +2 robe "Deack" {+Inv rF+ Regen+}
  5896 | D:7      | Reached skill level 9 in Long Blades
  5918 | D:7      | Noticed Maurice
  5921 | D:7      | Maurice changed into Maurice the centaur
  5921 | D:7      | Noticed Maurice
  5928 | D:7      | Killed Maurice the centaur
  5982 | D:7      | Reached XP level 9. HP: 50/71 MP: 8/8
  6066 | D:7      | Found Cischusao's Assorted Antiques.
  6130 | D:7      | Found a staircase to the Ecumenical Temple.
  6282 | D:7      | HP: 3/71 [something (3)]
  6282 | D:7      | Slain by an orc priest

Illustrated notes

Levels and vault maps discovered:
D:1:      lightli_arrival_isolated_outpost, layout_loops_ring,
          minmay_heptomino_d4
D:2:      minmay_chambers_of_twos, layout_loops_ring, uniq_robin
D:3:      corexii_shack_village, layout_basic, overflow_temple_1_default,
          tgw_kikubaaqudgha, ebering_ghost_sewer_d
D:4:      layout_loops_corners, mainiacjoe_overflow_six_doors_small,
          mainiacjoe_overflow_surrounded_room, serial_shops,
          nicolae_shop_getting_attention, nicolae_shop_fire_sale
          [nicolae_sub_dead_trees]
D:5:      layout_loops_ring, mainiacjoe_overflow_paths, uniq_blork_the_orc
D:6:      layout_basic, lemuel_round_altar, minmay_misc_feat_doors
D:7:      layout_layer_cave, minmay_temple_entry_large_hall, serial_shops,
          nicolae_diamond_shop, uniq_maurice, uniq_joseph

Skill      XL: |  1  2  3  4  5  6  7  8 |
---------------+-------------------------+-----
Long Blades    | 3 4 5 6 7 9 |  9.5
Shields        | 4 5 6 7 |  7.4
Fighting       | 4 5 6 7 |  7.4
Armour         | 4 5 6 7 |  7.4

Action                     |  1- 3 |  4- 6 |  7- 9 || total
---------------------------+-------+-------+-------++-------
  Melee: Long sword        |   109 |   184 |   115 ||   408
         Headbutt          |    13 |    27 |    23 ||    63
  Evoke: Wand              |       |     1 |     2 ||     3
    Use: Potion            |       |       |     1 ||     1
   Stab: Distracted        |       |       |     2 ||     2
 Armour: Scale mail        |    96 |   136 |    98 ||   330
  Dodge: Dodged            |    58 |    62 |    47 ||   167
  Block: Buckler           |    26 |    33 |    20 ||    79
